 Dungeon Crawl Stone Soup version 0.14.2 (webtiles) character file.

275048 igo the Thaumaturge (level 18, -2/146 HPs)
             Began as a Demigod Wizard on Nov 20, 2016.
             Shot with a poisoned arrow by a centaur warrior (28 damage)
             ... on Level 1 of the Vaults on Nov 21, 2016.
             The game lasted 05:46:59 (73819 turns).

igo the Thaumaturge (Demigod Wizard)               Turns: 73819, Time: 05:47:00

HP  -2/146       AC 15     Str 13      XL: 18   Next: 81%
MP  11/40        EV 16     Int 32      God:
Gold 752         SH 16     Dex 20      Spells:  7 memorised, 26 levels left

rFire  . . .     SeeInvis +     P - +7,+6 trident (flame)
rCold  + . .     Clarity  .     q - +1 ring mail {MR+}
rNeg   + . .     Conserve .     U - +2 buckler
rPois  .         rCorr    .     t - +2 hat
rElec  +         rRot     .     z - +0 cloak of Starlight {rElec rC+ EV+4 Stlth-}
SustAb . .       Spirit   .     (no gloves)
rMut   +         Warding  .     R - +2 pair of boots
Saprov . . .     Stasis   .     n - amulet of resist mutation
MR     ++...                    b - ring of Quuwkeg {rElec rN+ Int+4 SInv}
                                d - +7,+5 ring of slaying

@: repel missiles, lethally poisoned, very slightly contaminated, very resistant
to hostile enchantments, very unstealthy
A: no striking features
a: no special abilities
}: 2/15 runes: barnacled, gossamer


You were on level 1 of the Vaults.
You were not hungry.

You visited 7 branches of the dungeon, and saw 40 of its levels.
You also visited: Labyrinth, Bailey, Ice Cave, Volcano and Wizlab.

You collected 3360 gold pieces.
You spent 2608 gold pieces at shops.

Inventory:

Hand weapons
 P - a +7,+6 trident of flaming (weapon)
 T - a +2,+4 trident of freezing
Armour
 q - a +1 ring mail of magic resistance (worn)
 t - a +2 hat (worn)
 z - the +0 cloak of Starlight (worn) {rElec rC+ EV+4 Stlth-}
   (You found it in a labyrinth)

   It affects your evasion (+4).
   It protects you from cold.
   It insulates you from electricity.
   It makes you much less stealthy.
 R - a +2 pair of boots (worn)
 U - a +2 buckler (worn)
Magical devices
 c - a wand of digging (9)
 e - a wand of draining (1)
 h - a wand of disintegration (11)
 k - a wand of invisibility (5)
 r - a wand of draining (4)
 w - a wand of heal wounds (9)
 K - a wand of lightning (1)
Comestibles
 f - 8 bread rations
 s - 2 chunks of hill giant flesh
 v - 4 chunks of centaur flesh
 x - 3 chunks of human flesh
Scrolls
 A - a scroll of remove curse
 B - 2 scrolls of fear
 C - 2 scrolls of blinking
 F - 3 scrolls of teleportation
 L - a scroll of recharging
Jewellery
 b - the ring of Quuwkeg (right hand) {rElec rN+ Int+4 SInv}
   (You bought it in a shop on level 4 of the Orcish Mines)

   [ring of intelligence]

   It affects your intelligence (+4).
   It insulates you from electricity.
   It protects you from negative energy.
   It enhances your eyesight.
 d - a +7,+5 ring of slaying (left hand)
 n - an amulet of resist mutation (around neck)
 o - an uncursed amulet of warding
 M - an uncursed ring of poison resistance
Potions
 a - a potion of haste
 g - a potion of magic
 i - a potion of curing
 j - a potion of resistance
 p - a potion of restore abilities
 D - a potion of flight
Magical staves
 G - an uncursed staff of wizardry


   Skills:
 - Level 9.5 Fighting
 - Level 14.1 Polearms
 - Level 6.3 Staves
 - Level 10.6 Armour
 - Level 5.6 Dodging
 - Level 1.7 Stealth
 + Level 8.2 Shields
 - Level 14.5 Spellcasting
 - Level 14.0 Conjurations
   Level 0.8 Summonings
 - Level 0.8 Translocations
 - Level 2.1 Fire Magic
 - Level 11.0 Ice Magic
 - Level 6.0 Air Magic
 - Level 2.0 Poison Magic


You had 26 spell levels left.
You knew the following spells:

 Your Spells              Type           Power        Failure   Level  Hunger
a - Magic Dart            Conj           ####         0%          1    None
b - Blink                 Tloc           N/A          1%          2    None
c - Mephitic Cloud        Conj/Pois/Air  ######..     1%          3    None
d - Conjure Flame         Conj/Fire      ######..     1%          3    None
e - Repel Missiles        Chrm/Air       #####.       1%          2    None
f - Freezing Cloud        Conj/Ice/Air   ######....   4%          6    ###....
g - Flight                Chrm/Air       #####.....   1%          3    None


Dungeon Overview and Level Annotations

Branches:
Dungeon (15/15)            Temple (0/1) D:5             Orc (4/4) D:9
    Elf (2/3) Orc:3          Lair (8/8) D:8          Shoals (5/5) Lair:6
 Spider (5/5) Lair:3        Slime (0/6) Lair:8       Vaults (1/5) D:13
 Depths (0/5) D:15

Shops:
D:7 =!   D:11 !   Orc:4 =*?}   Elf:2 :   Shoals:1 [!*!   Shoals:3 }
Shoals:4 %


Message History

You flicker for a moment.
The centaur warrior shoots a poisoned arrow.
There is a large open door here.
Casting: Freezing Cloud
Confirm with . or Enter, or press ? or * to list all spells.
You feel protected from missiles.
You flicker back into view.
The centaur warrior shoots a poisoned arrow.
The poisoned arrow hits you!
You are poisoned.
* * * LOW HITPOINT WARNING * * *
You see here a poisoned arrow.
You feel sick.
The centaur warrior shoots a poisoned arrow.
The poisoned arrow misses you.
You feel sick.
The centaur warrior shoots a poisoned arrow.
The poisoned arrow hits you!
You are more poisoned.
You die...

.....# ##.....## #..§. .....#
#.......# #..G) .....# ##..>..##
#..§§ .....# #.......# #....
.....# ##^...(## .. .....#
##.#.##
.....###########)############..
...............(...............
................@.(.............
######################c(#'#####
....# #..#..[# ...#### #..c..##
..###§# ##(..## #§##§.# ###
######.c.## §§#§..# ...
......#..## ## §§§.§§# ..
#..#.c## ##. §§##§§#.###§#.
#..'...## ##..


You could see a centaur warrior.

Vanquished Creatures
  A Cloud Mage (WizLab)
  A kraken (Shoals:1)
  Ilsuiw (Shoals:5)
  3 ghost moths (Spider:5)
  Maud (Elf:1)
  Gastronok (Lair:1)
  4 emperor scorpions
  A war gargoyle (Vaults:1)
  A minotaur (Lab)
  7 merfolk javelineers
  4 vault guards (D:13)
  11 merfolk impalers
  Josephine (D:11)
  2 great orbs of eyes (Vaults:1)
  5 sirens
  A yaktaur captain (Vaults:1)
  Harold (Elf:1)
  2 ironheart preservers (Vaults:1)
  6 hydras
  The ghost of casual the Nimble, a powerful MfSk of Okawaru (D:10)
  6 merfolk aquamancers
  Erica (Orc:3)
  A plague shambler (D:15)
  4 ogre magi
  5 orc high priests
  9 death yaks
  2 tengu warriors
  Urug (D:13)
  8 centaur warriors
  2 catoblepae
  10 spriggans (Lair:8)
  12 deep elf knights
  A fire crab (Vaults:1)
  2 unseen horrors
  A hell knight (Volcano)
  A skeletal warrior (D:15)
  An ice devil (IceCv)
  20 orb spiders
  A flayed ghost (D:15)
  2 ironbrand convokers (Vaults:1)
  6 deep elf summoners
  9 hill giants
  3 ice statues (IceCv)
  12 sea snakes
  6 water nymphs
  13 deep elf conjurers
  2 necromancers
  25 harpies
  A wizard (D:13)
  3 orc sorcerers (Orc:4)
  41 wolf spiders
  4 red wasps
  9 griffons
  15 manticores
  A sixfirhy (Orc:4)
  16 fauns
  7 cyclopes
  9 orc knights
  14 elephants
  6 black mambas
  4 moths of wrath
  13 mermaids
  2 molten gargoyles (Volcano)
  6 spiny frogs
  3 vault sentinels (Vaults:1)
  An item mimic (Volcano)
  8 vapours (WizLab)
  2 yaktaurs (Vaults:1)
  An orange demon (Orc:4)
  An emperor scorpion zombie (D:15)
  A kobold demonologist (D:13)
  16 demonic crawlers
  43 merfolk
  2 red devils (Volcano)
  3 tengu conjurers
  2 polar bears
  3 blue devils (IceCv)
  9 deep elf priests
  2 fire drakes
  2 centaur skeletons
  7 giant fireflies (Lair:8)
  4 komodo dragons
  A minotaur zombie (Lab)
  46 jumping spiders
  5 boggarts
  3 trolls (D:14)
  A queen bee (shapeshifter) (Elf:1)
  5 wind drakes
  A spriggan druid (Lair:8)
  A boulder beetle (Lair:4)
  8 ravens
  9 two-headed ogres
  5 slime creatures (D:13)
  9 snapping turtles
  A hydra skeleton (D:13)
  21 trapdoor spiders
  13 blink frogs
  7 basilisks
  2 wraiths
  4 grizzly bears (Lair:8)
  5 shadows
  31 tarantellas
  14 water elementals
  23 air elementals (WizLab)
  21 deep elf magi
  34 redbacks
  12 ugly things
  A vampire (D:14)
  A fire bat (Volcano)
  2 toenail golems (Volcano)
  46 yaks
  An elephant slug (Lair:3)
  8 hungry ghosts
  13 sharks
  8 hippogriffs
  A hill giant zombie (D:14)
  3 wyverns
  15 deep elf fighters
  A centaur simulacrum (D:11)
  A hill giant skeleton (D:14)
  5 wargs
  Menkaure (D:5)
  9 vampire mosquitoes
  10 porcupines
  14 water moccasins
  43 wolves
  A soldier ant (D:13)
  A tengu skeleton (D:14)
  61 spiders
  26 orc warriors
  A sky beast (D:15)
  3 giant goldfish
  A griffon simulacrum (D:15)
  4 yellow wasps
  5 black bears
  The ghost of Theye the Slasher, an average NaFi (D:3)
  A manticore zombie (D:15)
  23 centaurs
  18 crocodiles
  4 phantoms
  16 ice beasts
  22 ogres
  14 big kobolds
  5 boring beetles
  6 lava worms
  Sigmund (D:4)
  Duvessa (D:5)
  16 giant slugs
  Blork the orc (Orc:1)
  3 insubstantial wisps (WizLab)
  A human simulacrum (D:11)
  A yaktaur skeleton (D:15)
  8 giant frogs
  An ugly thing skeleton (D:15)
  A water moccasin skeleton (D:5)
  A troll zombie (D:9)
  6 electric eels
  18 killer bees
  9 scorpions
  A shapeshifter zombie (D:15)
  3 eyes of draining
  A yak skeleton (Orc:4)
  A hippogriff skeleton (D:12)
  A pulsating lump (Lair:2)
  6 draconian simulacra (IceCv)
  Dowan (D:5)
  A big fish (Spider:3)
  2 goliath beetles
  2 lava snakes
  11 crimson imps
  2 centaur zombies
  23 orc priests
  Crazy Yiuf (D:2)
  A giant frog zombie (D:12)
  13 hounds
  An iron imp (D:13)
  2 jellies (D:7)
  37 orc wizards
  An orange rat (Elf:1)
  3 iguanas
  8 worker ants
  A giant frog simulacrum (D:11)
  2 shapeshifter simulacra
  13 sheep
  A troll simulacrum (IceCv)
  5 ogre zombies (D:9)
  A big kobold zombie (D:10)
  2 mottled dragon zombies
  A hound skeleton (D:9)
  2 naga simulacra (IceCv)
  3 worker ant zombies
  15 gnolls
  28 adders
  44 green rats
  19 orc zombies
  3 shadow imps
  An inept item mimic (Orc:1)
  7 orc skeletons
  An ogre simulacrum (IceCv)
  14 white imps
  5 giant mites
  2 inept feature mimics
  9 worms
  2 ufetubi
  A giant eyeball (D:5)
  14 giant geckos
  183 orcs
  A gnoll zombie (D:8)
  18 goblins
  16 hobgoblins
  26 jackals
  51 kobolds
  10 quokkas
  2 ball pythons
  23 bats
  12 giant cockroaches
  A giant gecko skeleton (D:5)
  5 giant newts
  2 giant spores (D:14)
  A goblin skeleton (D:9)
  2 goblin zombies (D:9)
  2 hobgoblin skeletons
  2 hobgoblin zombies
  56 rats
  5 rat skeletons (Orc:4)
  A rat zombie (D:6)
  17 ballistomycetes
  3 crawling corpses (Elf:1)
  2 fungi
  21 plants
  3 tentacles (Shoals:1)
2011 creatures vanquished.

Vanquished Creatures (collateral kills)
  A wolf spider (Spider:5)
  A jumping spider (Spider:4)
  An orc warrior (Orc:4)
  A killer bee (D:9)
4 creatures vanquished.

Vanquished Creatures (others)
  5 drowned souls (Shoals:4)
  A demonic crawler (Spider:5)
  A boggart (D:14)
  A jumping spider (Spider:5)
  A spider (Spider:4)
  A giant frog skeleton (D:13)
  An orc priest (Orc:4)
  An ufetubus (Orc:4)
  2 orc zombies (Orc:4)
  An orc (Orc:4)
  A giant spore (D:12)
  A kobold (D:13)
  2 rats (Lair:1)
  5 rat skeletons (Orc:4)
  4 fungi
  7 plants
  5 tentacles (Shoals:1)
  23 tentacle segments (Shoals:1)
63 creatures vanquished.

Grand Total: 2078 creatures vanquished

Notes
Turn   | Place    | Note
--------------------------------------------------------------
     0 | D:1      | igo, the Demigod Wizard, began the quest for the Orb.
     0 | D:1      | Reached XP level 1. HP: 14/14 MP: 4/4
   260 | D:1      | Reached skill level 3 in Spellcasting
   557 | D:1      | Reached XP level 2. HP: 20/20 MP: 5/7
   561 | D:1      | Learned a level 2 spell: Blink
  1059 | D:1      | Reached skill level 1 in Conjurations
  1496 | D:1      | Reached XP level 3. HP: 10/26 MP: 0/10
  1844 | D:2      | Found an ancient bone altar of Kikubaaqudgha.
  1966 | D:2      | Learned a level 3 spell: Mephitic Cloud
  2840 | D:2      | Reached XP level 4. HP: 33/33 MP: 6/12
  3205 | D:2      | Noticed Crazy Yiuf
  3211 | D:2      | Learned a level 3 spell: Conjure Flame
  3334 | D:2      | Killed Crazy Yiuf
  3596 | D:3      | Reached skill level 4 in Conjurations
  3805 | D:3      | Reached XP level 5. HP: 38/38 MP: 11/14
  4083 | D:3      | Found a shadowy altar of Dithmenos.
  4164 | D:3      | Found a burning altar of Makhleb.
  4491 | D:3      | Noticed Theye's ghost (average NaFi)
  4558 | D:3      | Killed Theye's ghost
  4558 | D:3      | Reached skill level 5 in Conjurations
  4649 | D:3      | Reached XP level 6. HP: 45/45 MP: 13/17
  4771 | D:3      | Learned a level 2 spell: Repel Missiles
  5235 | D:4      | Reached skill level 6 in Conjurations
  6283 | D:5      | Entered Level 5 of the Dungeon
  6283 | D:5      | Noticed Sigmund
  6553 | D:5      | Paralysed by a giant eyeball for 4 turns
  6682 | D:5      | Reached XP level 7. HP: 36/50 MP: 9/18
  6778 | D:5      | Reached skill level 7 in Conjurations
  6876 | D:5      | Noticed Menkaure
  7305 | D:5      | Noticed Duvessa
  7307 | D:5      | Noticed Dowan
  7478 | D:5      | Found a staircase to the Ecumenical Temple.
  7719 | D:5      | Killed Duvessa
  8124 | D:5      | Killed Dowan
  8150 | D:4      | Killed Sigmund
  8150 | D:4      | Reached skill level 8 in Conjurations
  8273 | D:5      | Killed Menkaure
  8718 | D:6      | Reached XP level 8. HP: 50/57 MP: 6/20
  8827 | D:6      | Reached skill level 9 in Conjurations
  8870 | D:6      | Reached skill level 1 in Fighting
  9612 | D:7      | Found Puaziada's Jewellery Shop.
  9794 | D:7      | Found Lairioczo's Distillery.
 10347 | D:7      | Found Gruceni's Distillery.
 10480 | D:7      | Gruceni's Distillery was a mimic.
 11154 | D:8      | Found a staircase to the Lair.
 11163 | D:8      | Reached skill level 5 in Dodging
 11163 | D:8      | Reached XP level 9. HP: 70/72 MP: 12/21
 11313 | D:8      | Reached skill level 5 in Fighting
 11705 | D:8      | Reached skill level 1 in Staves
 12387 | D:8      | Reached skill level 1 in Polearms
 12973 | D:8      | Reached skill level 1 in Fire Magic
 12973 | D:8      | Reached skill level 1 in Air Magic
 12973 | D:8      | Reached skill level 1 in Poison Magic
 13463 | Lair:1   | Entered Level 1 of the Lair of Beasts
 13511 | Lair:1   | Noticed a black mamba
 13519 | Lair:1   | Killed a black mamba
 13692 | Lair:1   | Noticed a four-headed hydra
 13703 | Lair:1   | Killed a four-headed hydra
 13703 | Lair:1   | Reached skill level 5 in Polearms
 13703 | Lair:1   | Reached XP level 10. HP: 26/81 MP: 19/23
 13855 | Lair:1   | Found a labyrinth entrance.
 13861 | Lab      | Entered a labyrinth
 14909 | Lab      | Noticed a minotaur
 14930 | Lab      | Killed a minotaur
 15012 | Lab      | Got an ivory long sword
 15012 | Lab      | Got a smoking battleaxe
 15012 | Lab      | Got an ancient ring mail
 15013 | Lab      | Identified the +3 ring mail of Ynoagg {Str+4} (You found it in a labyrinth)
 15291 | Lair:1   | Reached skill level 1 in Armour
 15924 | Lair:1   | Noticed a spiny frog
 15958 | Lair:1   | Killed a spiny frog
 16813 | Lair:1   | Reached XP level 11. HP: 82/86 MP: 17/23
 16870 | Lair:1   | Found a bloodstained altar of Trog.
 17161 | Lair:2   | Reached skill level 5 in Armour
 17843 | Lair:2   | Reached skill level 5 in Staves
 18144 | Lair:2   | Noticed Gastronok
 18868 | Lair:3   | Found a hole to the Spider Nest.
 20806 | Lair:4   | Reached skill level 10 in Polearms
 21782 | Lair:4   | Reached XP level 12. HP: 90/94 MP: 25/25
 21926 | Lair:1   | Killed Gastronok
 21926 | Lair:1   | Reached skill level 11 in Polearms
 22079 | Lair:1   | Noticed a six-headed hydra
 22101 | Lair:1   | Killed a six-headed hydra
 22474 | Lair:5   | Reached skill level 12 in Polearms
 23387 | Lair:5   | Reached skill level 13 in Polearms
 24766 | Lair:6   | Found a staircase to the Shoals.
 24988 | Lair:7   | Noticed a seven-headed hydra
 25018 | Lair:7   | Found a dark tunnel.
 25027 | Volcano  | Entered a volcano
 25434 | Volcano  | Found a bloodstained altar of Trog.
 25859 | Volcano  | Reached skill level 14 in Polearms
 26243 | Lair:6   | Reached skill level 1 in Shields
 26243 | Lair:6   | Reached XP level 13. HP: 88/100 MP: 20/26
 26522 | Lair:7   | Killed a seven-headed hydra
 27118 | Lair:7   | Noticed a seven-headed hydra
 27129 | Lair:7   | Killed a seven-headed hydra
 27237 | Lair:7   | Reached skill level 5 in Shields
 27275 | Lair:7   | Found a glowing silver altar of Zin.
 27551 | Lair:8   | Entered Level 8 of the Lair of Beasts
 27551 | Lair:8   | Found a staircase to the Slime Pits.
 30396 | Lair:8   | Reached XP level 14. HP: 98/114 MP: 23/26
 31128 | D:9      | Found a staircase to the Orcish Mines.
 31752 | D:9      | Found a glowing golden altar of the Shining One.
 31782 | Orc:1    | Entered Level 1 of the Orcish Mines
 31829 | Orc:1    | Found a flagged portal.
 31846 | Bailey   | Entered a bailey
 32782 | Orc:2    | Found a frozen archway.
 32817 | IceCv    | Entered an ice cave
 33582 | IceCv    | Reached skill level 10 in Armour
 33883 | Orc:2    | Found a roughly hewn altar of Beogh.
 34731 | Orc:3    | Found a staircase to the Elven Halls.
 35123 | Orc:1    | Found a roughly hewn altar of Beogh.
 35262 | Orc:1    | Noticed Blork the orc
 35281 | Orc:1    | Killed Blork the orc
 35293 | Orc:1    | Found a deep blue altar of Sif Muna.
 35431 | Orc:1    | Identified Sif Muna's Volume of Darkness
 35948 | Orc:4    | Entered Level 4 of the Orcish Mines
 37040 | Orc:4    | Found Piobal's Magic Scroll Shoppe.
 37402 | Orc:4    | Found Plalilul's Gadget Boutique.
 37405 | Orc:4    | Found Plobof's Jewellery Shoppe.
 37405 | Orc:4    | Found Anku Khu's Assorted Antiques.
 37419 | Orc:4    | Bought the ring of Quuwkeg {rElec rN+ Int+4 SInv} for 543 gold pieces
 37419 | Orc:4    | Bought a +7,+5 ring of slaying for 1696 gold pieces
 37422 | Orc:4    | Bought a scroll of teleportation for 48 gold pieces
 37422 | Orc:4    | Bought a scroll of teleportation for 48 gold pieces
 37422 | Orc:4    | Bought a scroll of enchant armour for 120 gold pieces
 37708 | D:10     | Entered Level 10 of the Dungeon
 37854 | D:10     | Learned a level 6 spell: Freezing Cloud
 38172 | D:10     | Noticed casual's ghost (powerful MfSk)
 38214 | D:10     | Killed casual's ghost
 38570 | D:11     | Found Fusmyomyu's Distillery.
 38588 | D:11     | Noticed Josephine
 38595 | D:11     | Killed Josephine
 38595 | D:11     | Reached skill level 1 in Ice Magic
 39129 | D:12     | Found a glowing silver altar of Zin.
 40111 | D:13     | Reached skill level 5 in Spellcasting
 40858 | D:13     | Found a gate to the Vaults.
 40884 | D:13     | Reached XP level 15. HP: 70/125 MP: 17/30
 41324 | D:13     | Noticed Urug
 41338 | D:13     | Killed Urug
 42693 | D:14     | Reached skill level 10 in Conjurations
 43601 | D:15     | Entered Level 15 of the Dungeon
 43633 | D:15     | Found a magical portal.
 43638 | WizLab   | Entered a wizard's laboratory
 44461 | WizLab   | Noticed Xeminkuxt
 44825 | WizLab   | Killed Xeminkuxt the Cloud Mage
 44953 | WizLab   | Identified the Handbook of the Lethal Birds
 44974 | WizLab   | Identified the Reference Book on Damaging Lightness
 45253 | D:15     | Reached skill level 5 in Ice Magic
 45499 | D:15     | Found a staircase to the Depths.
 47367 | Spider:1 | Entered Level 1 of the Spider Nest
 48931 | Spider:2 | Reached XP level 16. HP: 116/132 MP: 30/34
 50323 | Spider:3 | Got a vibrating lead ring
 50324 | Spider:3 | Identified the ring of Koffy {-Tele Str+2 Dex+1} (You found it on level 3 of the Spider Nest)
 51494 | Spider:4 | Reached skill level 10 in Spellcasting
 52248 | Spider:5 | Entered Level 5 of the Spider Nest
 53615 | Spider:5 | Reached skill level 5 in Air Magic
 57345 | Spider:5 | Reached XP level 17. HP: 103/138 MP: 33/37
 57774 | Spider:5 | Got a gossamer rune of Zot
 58216 | Elf:1    | Entered Level 1 of the Elven Halls
 58216 | Elf:1    | Noticed Erica
 58232 | Orc:3    | Killed Erica
 58931 | Elf:1    | Noticed Maud
 58948 | Elf:1    | Killed Maud
 59747 | Elf:1    | Noticed Harold
 59754 | Elf:1    | Killed Harold
 61005 | Elf:2    | Found Thodaofi's Book Emporium.
 61030 | Elf:2    | Got a twisted leather armour
 61031 | Elf:2    | Identified the cursed +0 leather armour "Chiowa" {Str+4 Dex+2} (You found it on level 2 of the Elven Halls)
 61926 | Shoals:1 | Entered Level 1 of the Shoals
 62166 | Lair:2   | Learned a level 3 spell: Flight
 62187 | Lair:2   | Identified the +9,+7 long sword of Kligov {venom, rF+ Int-2} (You found it in a labyrinth)
 62411 | Shoals:1 | Found Vihoummu's Antique Armour Shoppe.
 62419 | Shoals:1 | Bought a fine scale mail for 153 gold pieces
 62486 | Shoals:1 | Got a pitted mace
 62711 | Shoals:1 | Found Zateec's Distillery.
 63112 | Shoals:1 | Found a glowing silver altar of Zin.
 63484 | Shoals:1 | Found Chibi's Distillery.
 63510 | Shoals:1 | Found Cenalem's General Store.
 66687 | Shoals:3 | Reached skill level 10 in Ice Magic
 66766 | Shoals:3 | Reached XP level 18. HP: 134/146 MP: 11/39
 67440 | Shoals:3 | Found Miwuz's Gadget Emporium.
 67778 | Shoals:4 | Found Stepijuu's Food Shoppe.
 68969 | Shoals:5 | Entered Level 5 of the Shoals
 69377 | Shoals:5 | Got a barnacled rune of Zot
 70049 | Shoals:5 | Noticed Ilsuiw
 70088 | Shoals:5 | Killed Ilsuiw
 70510 | Shoals:5 | Got a scintillating glass ring
 70513 | Shoals:5 | Identified the cursed ring "Streof" {AC-4 Int+3 Acc+2} (You found it on level 5 of the Shoals)
 72314 | Vaults:1 | Entered Level 1 of the Vaults
 73819 | Vaults:1 | Shot with a poisoned arrow by a centaur warrior

Action                   |  1- 3 |  4- 6 |  7- 9 | 10-12 | 13-15 | 16-18 || total
-------------------------+-------+-------+-------+-------+-------+-------++-------
Melee: Dagger            |    72 |   130 |    22 |       |       |       ||   224
       Quarterstaff      |       |       |    49 |    49 |       |       ||    98
       Staff             |       |       |       |    34 |       |    79 ||   113
       Trident           |       |       |       |  1115 |  3567 |  1547 ||  6229
 Cast: Magic Dart        |   133 |   256 |   512 |   527 |    17 |     2 ||  1447
       Mephitic Cloud    |     1 |     7 |    35 |    96 |   125 |    73 ||   337
       Conjure Flame     |       |     3 |    14 |    55 |    63 |    12 ||   147
       Repel Missiles    |       |     2 |     5 |     1 |    19 |     9 ||    36
       Blink             |       |       |     5 |    16 |     9 |    11 ||    41
       Freezing Cloud    |       |       |       |       |       |   284 ||   284
       Flight            |       |       |       |       |       |     6 ||     6
Evoke: Wand              |       |       |       |     8 |    11 |    12 ||    31
  Use: Potion            |     1 |       |       |     6 |     7 |    15 ||    29
       Scroll            |     2 |     5 |     5 |    15 |    17 |    16 ||    60
 Stab: Sleeping          |       |     1 |       |       |     1 |       ||     2
       Confused          |       |       |     3 |    98 |    83 |    60 ||   244
       Distracted        |       |       |       |     1 |     1 |     1 ||     3
       Fleeing           |       |       |       |       |     1 |       ||     1
       Paralysed         |       |       |       |       |       |     1 ||     1
       Invisible         |       |       |       |       |       |     1 ||     1
